AoeStats
← p1ckleJuic3d

Scandinavia

513553915Analyzed
1v1 RM · 3d ago on Oct 14, 2026· 33m 33s· 2 players
Game mode
Random Map
Map size
Tiny (2 player)
Population
200
Speed
Normal
Resources
Standard
Victory
Conquest
Starting age
Dark Age
Ending age
Imperial Age
RankedLock teamsTeams togetherTeam positionsShared explorationLock speedFull tech treeHidden civsTurbo modeCheats
Victory
Defeat
🇨🇦 Japanese · Canada
937
+17
vs
🇦🇺 Hindustanis · Australia
955
-49
OldSendpie
5:16 Loom
10:01 Feudal Age
11:05 Town Watch
11:17 Double-Bit Axe
14:53 Horse Collar
15:17 Man-at-Arms
17:14 Arson
19:52 Gold Mining
20:02 Fishing Lines
23:31 Castle Age
23:10 Wheelbarrow
25:06 Fletching
25:56 Bow Saw
26:20 Husbandry
26:31 Bloodlines
27:57 Padded Archer Armor
28:01 Bodkin Arrow
28:01 Stone Mining
28:52 Gillnets
29:26 Hand Cart
30:21 Treadmill Crane
31:18 Town Patrol
31:38 Thumb Ring
33:02 Leather Archer Armor
34:04 Ballistics
p1ckleJuic3d
11:26 Feudal Age
12:52 Man-at-Arms
14:47 Wheelbarrow
13:58 Loom
14:04 Loom
27:03 Castle Age
26:22 Bloodlines
26:25 Double-Bit Axe
30:37 Scale Barding Armor
30:33 Scale Mail Armor
Connection lost

Rejoining the realm…

Still unreachable

The connection could not be restored.

Session expired

The server has moved on; the page needs a fresh start.